 Dungeon Crawl Stone Soup version 0.31-a0-1529-g7bd419a0e5 (webtiles) character file.

Game seed: 9285656090777655583

191 Curundu the Poker (level 5, -2/47 HPs)
             Began as a Minotaur Berserker on Jan 1, 2024.
             Was a Believer of Trog.
             Incinerated by a bombardier beetle (3 damage)
             ... with a burning spray
             ... on level 3 of the Dungeon.
             The game lasted 00:06:45 (2529 turns).

Curundu the Poker (Minotaur Berserker)              Turns: 2529, Time: 00:06:46

Health: -2/47      AC:  5    Str: 24    XL:     5   Next: 42%
Magic:  4/4        EV: 11    Int:  4    God:    Trog [**....]
Gold:   57         SH:  0    Dex:  9    Spells: 4/4 levels left

rFire   . . .        g - +4 dagger
rCold   . . .        (no shield)
rNeg    . . .        h - +0 ring mail
rPois   .            (helmet restricted)
rElec   .            (no cloak)
rCorr   .            (no gloves)
SInv    .            (no boots)
Will    .....        (no amulet) Stlth
                     (no ring)
HPRegen 0.27/turn    (no ring)
MPRegen 0.09/turn

%: no passive effects
@: on fire, glowing
A: horns 2, retaliatory headbutt
a: Renounce Religion, Berserk, Trog's Hand


You were on level 3 of the Dungeon.
You worshipped Trog.
Trog was pleased with you.
You visited 1 branch of the dungeon, and saw 3 of its levels.

You collected 57 gold pieces.

Inventory:

Hand Weapons
 a - a +0 spear
 g - a +4 dagger (weapon)
Armour
 b - a +0 animal skin
 h - a +0 ring mail (worn)
Wands
 k - a wand of iceblast (7)
Scrolls
 c - 2 scrolls of teleportation {unknown}
 d - a scroll of poison {unknown}
 i - 2 scrolls of identify {unknown}
 l - a scroll of blinking {unknown}
Potions
 e - a potion of enlightenment {unknown}
 f - a potion of might {unknown}
 j - 2 potions of heal wounds {unknown}
 m - 2 potions of curing {unknown}
 n - a potion of degeneration {unknown}


   Skills:
 + Level 4.4 Fighting
 + Level 2.9 Short Blades
 + Level 4.6 Polearms
 + Level 3.3 Armour
 + Level 3.3 Dodging
 + Level 0.4 Stealth


You had 4 spell levels left.
You didn't know any spells.
Your spell library was empty.

Dungeon Overview and Level Annotations

Branches:
Dungeon (3/15)

Altars:
Dithmenos

Annotations:
D:3 Natasha


Innate Abilities, Weirdness & Mutations

You have a pair of horns on your head.
You reflexively headbutt those who attack you in melee.


Message History

The bombardier beetle is moderately wounded.
The liquid fire burns you!
The bombardier beetle bites you but does no damage.
You closely miss the bombardier beetle. You headbutt the bombardier beetle.
The bombardier beetle is heavily wounded.
The liquid fire burns you!
Natasha casts a spell.
You barely miss the bombardier beetle.
The bombardier beetle is heavily wounded.
The liquid fire burns you!
The bombardier beetle sprays incendiary fluid at you.
The burning spray hits you.
You are even more covered in liquid fire!
You barely miss the bombardier beetle.
The bombardier beetle is heavily wounded.
The liquid fire burns you!
* * * LOW HITPOINT WARNING * * *
The cerulean imp barely misses you.
You closely miss the bombardier beetle. You headbutt the bombardier beetle.
The bombardier beetle is severely wounded.
The liquid fire burns you!
* * * LOW HITPOINT WARNING * * *
The cerulean imp misses you.
The bombardier beetle sprays incendiary fluid at you.
The burning spray misses you.
You hit the bombardier beetle.
The bombardier beetle is almost dead.
The liquid fire burns you!
* * * LOW HITPOINT WARNING * * *
The cerulean imp hits you but does no damage.
You hit the bombardier beetle.
You kill the bombardier beetle!
Trog accepts your kill. The liquid fire burns you!
* * * LOW HITPOINT WARNING * * *
The cerulean imp hits you with a +1 spear.
* * * LOW HITPOINT WARNING * * *
You barely miss Natasha. The liquid fire burns you!
You die...

#................
#.........†...... .
........^........
..
#..#.####.#.#####
...## #..#.# #.#.#
.....##.##.####.#.#
##
.......$..........#
#.
###.##..#...###.#.#
#.
#..5@.##....#>..#
#.
####h###.##.#.###
#. #5# ..#
...######. .5'...+
......... ##.#...#
#..####.# #.#####
#.:# #.# #.#
#..####'# ##'####
#..##.... #.....#
#........


You could see Natasha and 3 cerulean imps.

Vanquished Creatures
  A bombardier beetle (D:3)
  A jelly (D:3)
  Ijyb (D:3)
  Terence (D:2)
  Natasha (D:3)
  2 dart slugs
  A ribbon worm (D:2)
  5 ball pythons
  3 endoplasms
  3 giant cockroaches
  6 goblins
  2 hobgoblins (D:2)
  4 bats
  4 frilled lizards
  8 kobolds
  3 rats
46 creatures vanquished.

Notes
Turn   | Place    | Note
-------+----------+-------------------------------------------
     0 | D:1      | Curundu the Minotaur Berserker began the quest for the Orb.
     0 | D:1      | Reached XP level 1. HP: 19/19 MP: 0/0
   370 | D:1      | Reached XP level 2. HP: 27/27 MP: 1/1
  1121 | D:2      | Found a shadowy altar of Dithmenos.
  1165 | D:2      | Noticed Terence
  1174 | D:2      | Killed Terence
  1175 | D:2      | Reached skill level 1 in Short Blades
  1175 | D:2      | Reached XP level 3. HP: 32/33 MP: 2/2
  1951 | D:3      | Reached XP level 4. HP: 40/40 MP: 3/3
  1987 | D:3      | Reached ** piety under Trog
  2019 | D:3      | Noticed Ijyb
  2032 | D:3      | Killed Ijyb
  2460 | D:3      | Noticed Natasha
  2469 | D:3      | Killed Natasha
  2470 | D:3      | Reached XP level 5. HP: 31/47 MP: 4/4
  2514 | D:3      | Noticed Natasha
  2528 | D:3      | HP: 1/47 [cerulean imp/+1 spear[Natasha] (4)]
  2529 | D:3      | Incinerated by a bombardier beetle

Illustrated notes

Levels and vault maps discovered:
D:1:      dpeg_arrival_rooms_b, layout_basic, lexackson_kobold_supper
D:2:      layout_basic, basic_altar, uniq_terence
D:3:      layout_basic, grunt_ministairs_13, uniq_ijyb, uniq_natasha

Skill      XL: |  1  2  3  4 |
---------------+-------------+-----
Polearms       | 4 |  4.6
Fighting       | 4 |  4.4
Short Blades   | 1 2 |  2.9
Armour         | 3 |  3.3
Dodging        | 3 |  3.3
Stealth        | |  0.4

Action                     |  1- 3 |  4- 6 || total
---------------------------+-------+-------++-------
  Melee: Spear             |    31 |       ||    31
         Headbutt          |    60 |     5 ||    65
         Punch             |     4 |       ||     4
         Dagger            |   194 |    45 ||   239
 Invoke: Trog's Hand       |       |     1 ||     1
 Armour: Animal skin       |    36 |       ||    36
         Ring mail         |    16 |    18 ||    34
  Dodge: Dodged            |    73 |    26 ||    99

Table legend: (Time is in decaauts)
 A = Elapsed time spent in this place.
 B = Non-inter-level travel time spent in this place.
 C = Inter-level travel time spent in this place.
 D = Time resting spent in this place.
 E = Time spent auto-exploring this place.
 F = Levels seen in this place.
 G = Mean time per level.
                   A        B        C        D        E       F      G
               +--------+--------+--------+--------+--------+-----+--------+
         Total |   2517 |   2517 |      0 |     92 |   1794 |   3 |  839.0 |
       Dungeon |   2517 |   2517 |      0 |     92 |   1794 |   3 |  839.0 |
               +--------+--------+--------+--------+--------+-----+--------+

Top non-repeatable levels by time:
     D:1: 1094 daAuts
     D:2: 800 daAuts
     D:3: 622 daAuts
